2033 views
Uploaded 2023-03-16 02:19:03
Game version 1.35 (6115)
40:09 long 2on2 ladder game on (4)white shore s3
Saved by DudeWhy
2033 views
Uploaded 2023-03-16 02:19:03
Game version 1.35 (6115)
40:09 long 2on2 ladder game on (4)white shore s3


79 units @ 10.4k
/ 1.4k
56 buildings @ 10.3k
/ 3.9k



| Rod of Necromancy | 2 | 300 |
| Sacrificial Skull | 1 | 50 |
| Potion of Healing | 2 | 300 |
| Potion of Mana | 1 | 200 |
| Orb of Corruption | 1 | 375 |
| Scroll of Town Portal | 1 | 350 |
| Boots of Speed | 2 | 500 |
| Potion of Lesser Invulnerability | 2 | 300 |
| Sobi Mask | 1 | 400 |
| total: | 13 | 2775g |
| Acolyte | 20 | 1500 | / | 0 |
| Ghoul | 4 | 480 | / | 0 |
| Crypt Fiend | 16 | 3440 | / | 640 |
| Obsidian Statue | 5 | 1000 | / | 175 |
| total: | 45 | 6420g | / | 815w |
| Spirit Tower | 7 | 1015 | / | 280 |
| Nerubian Tower | 7 | 700 | / | 140 |
| Graveyard | 1 | 215 | / | 0 |
| Altar of Darkness | 1 | 180 | / | 50 |
| Ziggurat | 22 | 3300 | / | 1100 |
| Crypt | 1 | 200 | / | 50 |
| Tomb of Relics | 1 | 130 | / | 30 |
| Necropolis | 3 | 675 | / | 0 |
| Slaughterhouse | 3 | 420 | / | 405 |
| Halls of the Dead | 1 | 320 | / | 210 |
| Black Citadel | 1 | 325 | / | 230 |
| total: | 32 | 5120g | / | 1635w |
| 0:03 | Acolyte |
| 0:03 | Acolyte |
| 0:36 | Graveyard |
| 0:39 | Altar of Darkness |
| 0:40 | Ziggurat |
| 0:55 | Crypt |
| 1:09 | Tomb of Relics |
| 1:25 | Ziggurat |
| 1:58 | Ghoul |
| 1:58 | Ghoul |
| 2:33 | Crypt Fiend |
| 2:42 | Rod of Necromancy |
| 2:43 | Sacrificial Skull |
| 2:45 | Death Coil |
| 2:51 | Crypt Fiend |
| 3:26 | Crypt Fiend |
| 4:05 | Crypt Fiend |
| 4:07 | Halls of the Dead |
| 4:14 | Unholy Aura |
| 4:39 | Ziggurat |
| 5:18 | Rod of Necromancy |
| 5:34 | Ziggurat |
| 6:11 | Crypt Fiend |
| 6:15 | Death Coil |
| 6:32 | Acolyte |
| 6:35 | Potion of Healing |
| 6:37 | Potion of Mana |
| 6:45 | Slaughterhouse |
| 6:48 | Ziggurat |
| 6:51 | Slaughterhouse |
| 7:20 | Burrow |
| 7:28 | Frost Nova |
| 7:44 | Necropolis |
| 7:50 | Ziggurat |
| 8:23 | Unholy Aura |
| 8:29 | Obsidian Statue |
| 8:31 | Ghoul |
| 8:31 | Ghoul |
| 9:08 | Boots of Speed |
| 9:09 | Potion of Lesser Invulnerability |
| 9:17 | Acolyte |
| 9:17 | Acolyte |
| 9:26 | Acolyte |
| 9:30 | Acolyte |
| 9:36 | Dark Ritual |
| 9:49 | Potion of Healing |
| 10:00 | Web |
| 10:03 | Creature Attack |
| 10:57 | Black Citadel |
| 10:58 | Crypt Fiend |
| 10:59 | Obsidian Statue |
| 11:01 | Creature Carapace |
| 11:05 | Slaughterhouse |
| 11:37 | Frost Nova |
| 12:10 | Sobi Mask |
| 12:29 | Obsidian Statue |
| 12:31 | Crypt Fiend |
| 12:36 | Improved Creature Attack |
| 12:36 | Improved Creature Carapace |
| 13:01 | Death Coil |
| 13:12 | Crypt Fiend |
| 13:16 | Ziggurat |
| 13:17 | Ziggurat |
| 13:44 | Destroyer Form |
| 13:45 | Ghoul Frenzy |
| 13:56 | Dark Ritual |
| 14:26 | Obsidian Statue |
| 14:53 | Impale |
| 15:17 | Obsidian Statue |
| 15:19 | Advanced Creature Attack |
| 15:50 | Acolyte |
| 16:14 | Spirit Tower |
| 16:20 | Nerubian Tower |
| 17:02 | Spirit Tower |
| 17:08 | Acolyte |
| 17:25 | Ziggurat |
| 17:54 | Spirit Tower |
| 18:14 | Ziggurat |
| 18:35 | Crypt Fiend |
| 19:11 | Crypt Fiend |
| 19:59 | Orb of Corruption |
| 20:19 | Spirit Tower |
| 20:36 | Crypt Fiend |
| 20:49 | Ziggurat |
| 21:03 | Crypt Fiend |
| 21:38 | Crypt Fiend |
| 21:42 | Nerubian Tower |
| 24:43 | Necropolis |
| 25:08 | Advanced Creature Carapace |
| 25:10 | Crypt Fiend |
| 25:41 | Ziggurat |
| 25:46 | Ziggurat |
| 26:01 | Acolyte |
| 26:17 | Acolyte |
| 26:27 | Acolyte |
| 27:09 | Nerubian Tower |
| 27:38 | Crypt Fiend |
| 29:07 | Acolyte |
| 29:07 | Acolyte |
| 29:08 | Acolyte |
| 29:08 | Acolyte |
| 30:11 | Crypt Fiend |
| 30:28 | Ziggurat |
| 30:30 | Ziggurat |
| 30:31 | Ziggurat |
| 30:45 | Scroll of Town Portal |
| 30:53 | Ziggurat |
| 31:01 | Ziggurat |
| 33:12 | Necropolis |
| 34:10 | Boots of Speed |
| 34:11 | Potion of Lesser Invulnerability |
| 34:29 | Spirit Tower |
| 35:22 | Acolyte |
| 35:22 | Acolyte |
| 35:22 | Acolyte |
| 35:22 | Acolyte |
| 35:59 | Ziggurat |
| 36:02 | Ziggurat |
| 36:35 | Ziggurat |
| 36:47 | Spirit Tower |
| 37:29 | Nerubian Tower |
| 37:49 | Nerubian Tower |
| 38:03 | Nerubian Tower |
| 38:08 | Spiked Carapace |
| 38:15 | Spirit Tower |
| 38:17 | Ziggurat |
| 39:10 | Nerubian Tower |
| Right click | 1293 |
| Select | 526 |
| Select group | 503 |
| Chat | 264 |
| Build/train/purchase | 130 |
| Assign group | 58 |
| Use ability | 58 |
| Minimap ping | 20 |
| Item give/drop | 6 |
| Resource trade | 5 |


| Lesser Clarity Potion | 2 | 140 |
| Staff of Preservation | 2 | 300 |
| Potion of Healing | 1 | 150 |
| Potion of Mana | 1 | 200 |
| Scroll of Town Portal | 1 | 350 |
| total: | 7 | 1140g |
| Wisp | 19 | 1140 | / | 0 |
| Archer | 9 | 1170 | / | 90 |
| Mountain Giant | 3 | 1050 | / | 300 |
| Dryad | 2 | 290 | / | 120 |
| Goblin Shredder | 1 | 375 | / | 100 |
| total: | 34 | 4025g | / | 610w |
| Moon Well | 8 | 1440 | / | 320 |
| Altar of Elders | 3 | 540 | / | 150 |
| Ancient of War | 1 | 150 | / | 60 |
| Tree of Life | 7 | 2380 | / | 1295 |
| Ancient of Wonders | 2 | 180 | / | 60 |
| Hunter's Hall | 1 | 210 | / | 100 |
| Ancient of Lore | 2 | 310 | / | 290 |
| Tree of Ages | 1 | 320 | / | 180 |
| Tree of Eternity | 1 | 330 | / | 200 |
| total: | 24 | 5210g | / | 2275w |
| 0:02 | Wisp |
| 0:02 | Wisp |
| 0:03 | Wisp |
| 0:03 | Wisp |
| 0:03 | Wisp |
| 0:03 | Wisp |
| 0:26 | Moon Well |
| 0:41 | Altar of Elders |
| 0:46 | Ancient of War |
| 0:50 | Wisp |
| 1:06 | Wisp |
| 1:14 | Moon Well |
| 1:19 | Wisp |
| 1:20 | Wisp |
| 1:43 | Wisp |
| 1:48 | Archer |
| 2:04 | Archer |
| 2:27 | Archer |
| 2:41 | Tree of Ages |
| 2:44 | Fan of Knives |
| 2:53 | Archer |
| 3:08 | Archer |
| 3:23 | Moon Well |
| 3:33 | Archer |
| 4:16 | Tree of Life |
| 4:20 | Blink |
| 4:20 | Archer |
| 4:36 | Ancient of Wonders |
| 5:11 | Fan of Knives |
| 5:26 | Archer |
| 5:29 | Tree of Eternity |
| 5:41 | Hunter's Hall |
| 5:52 | Lesser Clarity Potion |
| 6:01 | Archer |
| 7:13 | Ancient of Lore |
| 7:14 | Ancient of Lore |
| 7:22 | Wisp |
| 7:22 | Wisp |
| 7:22 | Wisp |
| 7:22 | Wisp |
| 7:24 | Wisp |
| 7:30 | Moon Well |
| 8:00 | Blink |
| 8:26 | Staff of Preservation |
| 8:33 | Mountain Giant |
| 8:36 | Wisp |
| 8:36 | Wisp |
| 8:37 | Wisp |
| 9:19 | Goblin Shredder |
| 9:42 | Hardened Skin |
| 10:09 | Resistant Skin |
| 10:54 | Mountain Giant |
| 11:05 | Reinforced Hides |
| 11:45 | Abolish Magic |
| 11:47 | Moon Well |
| 11:52 | Forked Lightning |
| 11:58 | Nature's Blessing |
| 12:16 | Well Spring |
| 12:17 | Ultravision |
| 12:25 | Fan of Knives |
| 12:31 | Improved Reinforced Hides |
| 12:33 | Frost Arrows |
| 12:41 | Moon Well |
| 12:42 | Mountain Giant |
| 13:11 | Tree of Life |
| 13:54 | Forked Lightning |
| 14:03 | Moon Well |
| 14:10 | Dryad |
| 14:22 | Ancient of Wonders |
| 14:26 | Potion of Healing |
| 14:27 | Potion of Mana |
| 14:30 | Scroll of Town Portal |
| 14:30 | Staff of Preservation |
| 14:30 | Lesser Clarity Potion |
| 14:50 | Advanced Reinforced Hides |
| 15:06 | Tree of Life |
| 15:36 | Strength of the Wild |
| 15:43 | Dryad |
| 17:08 | Tree of Life |
| 17:18 | Tree of Life |
| 17:20 | Tree of Life |
| 17:59 | Moon Well |
| 18:04 | Tree of Life |
| 20:09 | Altar of Elders |
| 20:34 | Altar of Elders |
| 22:47 | Frost Arrows |
| 32:18 | Blink |
| Select group | 4543 |
| Right click | 3964 |
| Select | 1004 |
| Build/train/purchase | 182 |
| Use ability | 105 |
| Minimap ping | 34 |
| Assign group | 24 |
| Chat | 18 |
| Esc | 14 |
| Item give/drop | 12 |
| Resource trade | 10 |
| Misc. action | 5 |
61 units @ 5.9k
/ 1k
115 buildings @ 7.5k
/ 3.6k


| Scroll of Regeneration | 1 | 100 |
| Lesser Clarity Potion | 2 | 140 |
| Staff of Sanctuary | 1 | 250 |
| Orb of Fire | 1 | 325 |
| Boots of Speed | 4 | 1000 |
| total: | 9 | 1815g |
| Peasant | 19 | 1425 | / | 0 |
| Flying Machine | 18 | 1800 | / | 540 |
| Mortar Team | 6 | 1080 | / | 420 |
| Dragonhawk Rider | 2 | 400 | / | 60 |
| total: | 45 | 4705g | / | 1020w |
| Scout Tower | 40 | 1200 | / | 800 |
| Arcane Tower | 5 | 350 | / | 250 |
| Guard Tower | 15 | 1050 | / | 750 |
| Altar of Kings | 2 | 360 | / | 100 |
| Farm | 15 | 1200 | / | 300 |
| Lumber Mill | 2 | 240 | / | 0 |
| Town Hall | 3 | 1155 | / | 615 |
| Blacksmith | 1 | 140 | / | 60 |
| Arcane Vault | 1 | 130 | / | 30 |
| Cannon Tower | 2 | 240 | / | 200 |
| Workshop | 3 | 420 | / | 420 |
| Gryphon Aviary | 1 | 140 | / | 150 |
| Keep | 1 | 320 | / | 210 |
| Castle | 1 | 360 | / | 210 |
| total: | 68 | 4985g | / | 2475w |
| 0:02 | Peasant |
| 0:05 | Peasant |
| 0:19 | Altar of Kings |
| 0:21 | Farm |
| 0:22 | Peasant |
| 0:33 | Lumber Mill |
| 0:34 | Peasant |
| 0:40 | Farm |
| 0:47 | Peasant |
| 0:52 | Peasant |
| 1:10 | Scout Tower |
| 1:11 | Peasant |
| 1:30 | Peasant |
| 1:37 | Farm |
| 1:37 | Farm |
| 1:39 | Peasant |
| 1:45 | Improved Lumber Harvesting |
| 1:56 | Peasant |
| 2:00 | Arcane Tower |
| 2:03 | Farm |
| 2:23 | Scout Tower |
| 2:40 | Scout Tower |
| 2:45 | Scout Tower |
| 2:48 | Peasant |
| 2:48 | Peasant |
| 2:49 | Peasant |
| 2:51 | Improved Masonry |
| 2:59 | Storm Bolt |
| 3:38 | Arcane Tower |
| 3:39 | Scout Tower |
| 3:43 | Peasant |
| 3:44 | Guard Tower |
| 3:53 | Town Hall |
| 3:59 | Scout Tower |
| 4:09 | Guard Tower |
| 4:11 | Scout Tower |
| 4:16 | Peasant |
| 4:17 | Peasant |
| 4:19 | Scout Tower |
| 4:23 | Scout Tower |
| 4:24 | Scout Tower |
| 4:52 | Guard Tower |
| 4:55 | Guard Tower |
| 4:57 | Arcane Tower |
| 5:20 | Guard Tower |
| 5:30 | Keep |
| 5:50 | Scout Tower |
| 5:51 | Scout Tower |
| 6:30 | Guard Tower |
| 6:56 | Blacksmith |
| 7:00 | Scout Tower |
| 7:00 | Scout Tower |
| 7:34 | Guard Tower |
| 7:57 | Bash |
| 7:58 | Bash |
| 8:07 | Advanced Lumber Harvesting |
| 8:07 | Advanced Masonry |
| 8:11 | Castle |
| 8:14 | Workshop |
| 8:15 | Workshop |
| 8:17 | Guard Tower |
| 8:28 | Black Gunpowder |
| 8:46 | Holy Light |
| 9:08 | Holy Light |
| 9:15 | Workshop |
| 9:18 | Flying Machine |
| 9:20 | Flare |
| 10:14 | Flak Cannons |
| 10:16 | Mortar Team |
| 10:20 | Farm |
| 10:20 | Farm |
| 10:20 | Farm |
| 10:21 | Farm |
| 10:41 | Imbued Masonry |
| 11:00 | Fragmentation Shards |
| 11:00 | Flying Machine Bombs |
| 11:04 | Peasant |
| 11:04 | Peasant |
| 11:19 | Refined Gunpowder |
| 11:19 | Iron Plating |
| 12:02 | Flying Machine |
| 12:02 | Flying Machine |
| 12:02 | Flying Machine |
| 12:03 | Flying Machine |
| 12:03 | Flying Machine |
| 12:03 | Flying Machine |
| 12:03 | Flying Machine |
| 12:06 | Farm |
| 12:07 | Farm |
| 13:05 | Flying Machine |
| 13:07 | Imbued Gunpowder |
| 13:41 | Divine Shield |
| 14:05 | Storm Bolt |
| 14:07 | Storm Bolt |
| 14:08 | Divine Shield |
| 14:17 | Flying Machine |
| 14:17 | Flying Machine |
| 14:17 | Flying Machine |
| 14:25 | Gryphon Aviary |
| 14:29 | Arcane Vault |
| 14:32 | Flying Machine |
| 14:56 | Farm |
| 15:00 | Guard Tower |
| 15:09 | Steel Plating |
| 15:24 | Scout Tower |
| 15:25 | Scout Tower |
| 15:31 | Mortar Team |
| 15:50 | Cloud |
| 15:50 | Dragonhawk Rider |
| 15:50 | Dragonhawk Rider |
| 17:15 | Mithril Plating |
| 17:34 | Town Hall |
| 17:37 | Scout Tower |
| 17:38 | Scout Tower |
| 17:39 | Scout Tower |
| 17:39 | Scout Tower |
| 17:40 | Scout Tower |
| 17:41 | Scout Tower |
| 17:42 | Scout Tower |
| 18:08 | Guard Tower |
| 18:22 | Scout Tower |
| 18:23 | Scout Tower |
| 18:24 | Scout Tower |
| 18:25 | Scout Tower |
| 18:26 | Scout Tower |
| 18:28 | Guard Tower |
| 18:31 | Scout Tower |
| 18:32 | Scout Tower |
| 18:32 | Scout Tower |
| 18:34 | Scout Tower |
| 18:34 | Scout Tower |
| 18:36 | Guard Tower |
| 18:51 | Lumber Mill |
| 18:59 | Cannon Tower |
| 19:04 | Scout Tower |
| 19:04 | Scout Tower |
| 19:04 | Scout Tower |
| 19:11 | Cannon Tower |
| 19:20 | Guard Tower |
| 19:27 | Guard Tower |
| 20:06 | Guard Tower |
| 20:08 | Scout Tower |
| 20:08 | Scout Tower |
| 20:10 | Scout Tower |
| 20:11 | Scout Tower |
| 20:48 | Arcane Tower |
| 21:22 | Flying Machine |
| 21:24 | Studded Leather Armor |
| 21:27 | Arcane Tower |
| 21:46 | Mortar Team |
| 22:23 | Holy Light |
| 22:38 | Flying Machine |
| 22:38 | Flying Machine |
| 22:38 | Flying Machine |
| 22:38 | Flying Machine |
| 22:58 | Reinforced Leather Armor |
| 23:11 | Altar of Kings |
| 24:00 | Scroll of Regeneration |
| 24:01 | Lesser Clarity Potion |
| 24:07 | Lesser Clarity Potion |
| 24:51 | Dragonhide Armor |
| 27:09 | Town Hall |
| 27:37 | Boots of Speed |
| 27:37 | Boots of Speed |
| 27:58 | Farm |
| 27:59 | Farm |
| 28:00 | Farm |
| 28:45 | Bash |
| 28:46 | Bash |
| 28:48 | Holy Light |
| 28:56 | Boots of Speed |
| 29:46 | Peasant |
| 29:58 | Mortar Team |
| 30:05 | Staff of Sanctuary |
| 30:21 | Orb of Fire |
| 33:20 | Boots of Speed |
| 36:04 | Mortar Team |
| 39:24 | Mortar Team |
| Right click | 1967 |
| Select group | 748 |
| Select | 539 |
| Build/train/purchase | 131 |
| Use ability | 96 |
| Misc. action | 70 |
| Assign group | 14 |
| Minimap ping | 11 |
| Item give/drop | 8 |
| Esc | 1 |
Cabeelibob
(194)
(39:56) : 
| Peasant | 16 | 1200 | / | 0 |
| total: | 16 | 1200g | / | 0w |
| Scout Tower | 36 | 1080 | / | 720 |
| Guard Tower | 22 | 1540 | / | 1100 |
| Altar of Kings | 2 | 360 | / | 100 |
| Farm | 6 | 480 | / | 120 |
| Lumber Mill | 2 | 240 | / | 0 |
| Town Hall | 1 | 385 | / | 205 |
| Keep | 1 | 320 | / | 210 |
| Castle | 1 | 360 | / | 210 |
| total: | 47 | 2545g | / | 1145w |
| 0:05 | Altar of Kings |
| 0:08 | Peasant |
| 0:11 | Farm |
| 0:12 | Peasant |
| 0:32 | Peasant |
| 0:53 | Lumber Mill |
| 0:56 | Peasant |
| 1:08 | Peasant |
| 1:11 | Farm |
| 1:13 | Farm |
| 1:29 | Peasant |
| 1:51 | Farm |
| 1:57 | Improved Masonry |
| 1:59 | Improved Lumber Harvesting |
| 2:00 | Peasant |
| 2:11 | Scout Tower |
| 2:17 | Peasant |
| 2:21 | Storm Bolt |
| 2:39 | Peasant |
| 2:41 | Guard Tower |
| 2:44 | Scout Tower |
| 2:49 | Advanced Masonry |
| 2:58 | Peasant |
| 3:08 | Scout Tower |
| 3:16 | Peasant |
| 3:16 | Peasant |
| 3:16 | Peasant |
| 3:16 | Peasant |
| 3:16 | Peasant |
| 3:27 | Guard Tower |
| 4:10 | Scout Tower |
| 4:10 | Scout Tower |
| 4:12 | Scout Tower |
| 4:16 | Guard Tower |
| 4:17 | Peasant |
| 4:36 | Scout Tower |
| 4:37 | Scout Tower |
| 4:50 | Keep |
| 4:53 | Guard Tower |
| 5:00 | Scout Tower |
| 5:06 | Scout Tower |
| 5:07 | Scout Tower |
| 5:11 | Scout Tower |
| 5:12 | Guard Tower |
| 5:26 | Scout Tower |
| 5:27 | Scout Tower |
| 5:39 | Scout Tower |
| 5:42 | Guard Tower |
| 5:45 | Guard Tower |
| 5:48 | Scout Tower |
| 5:49 | Scout Tower |
| 5:49 | Scout Tower |
| 5:50 | Scout Tower |
| 6:06 | Guard Tower |
| 6:12 | Scout Tower |
| 6:13 | Guard Tower |
| 6:20 | Scout Tower |
| 6:21 | Scout Tower |
| 6:34 | Guard Tower |
| 6:40 | Guard Tower |
| 6:55 | Scout Tower |
| 6:55 | Scout Tower |
| 7:01 | Guard Tower |
| 7:24 | Guard Tower |
| 7:25 | Scout Tower |
| 7:26 | Scout Tower |
| 7:29 | Guard Tower |
| 7:35 | Guard Tower |
| 7:38 | Scout Tower |
| 7:39 | Scout Tower |
| 7:57 | Guard Tower |
| 7:59 | Scout Tower |
| 8:06 | Guard Tower |
| 8:31 | Guard Tower |
| 8:33 | Scout Tower |
| 8:34 | Scout Tower |
| 8:39 | Scout Tower |
| 8:40 | Scout Tower |
| 8:40 | Scout Tower |
| 9:03 | Imbued Masonry |
| 9:09 | Guard Tower |
| 9:13 | Scout Tower |
| 9:17 | Guard Tower |
| 9:21 | Scout Tower |
| 9:38 | Castle |
| 10:06 | Guard Tower |
| 12:36 | Guard Tower |
| 13:20 | Lumber Mill |
| 31:50 | Altar of Kings |
| 31:54 | Town Hall |
| 31:57 | Farm |
| 33:09 | Farm |
| Right click | 1336 |
| Select group | 1159 |
| Select | 234 |
| Chat | 68 |
| Build/train/purchase | 50 |
| Resource trade | 27 |
| Assign group | 17 |
| Use ability | 4 |
| Minimap ping | 3 |
| Misc. action | 2 |
| Remove unit | 2 |